 Dungeon Crawl Stone Soup version 0.21.1-1-g345015f (webtiles) character file.

112 Mirai the Sneak (level 5, -7/28 HPs)
             Began as a Kobold Enchanter on May 1, 2018.
             Killed from afar by Sigmund (11 damage)
             ... with a magic dart
             ... on level 3 of the Dungeon.
             The game lasted 00:07:35 (2812 turns).

Mirai the Sneak (Kobold Enchanter)                  Turns: 2812, Time: 00:07:36

Health: -7/28      AC:  5    Str:  2 (5)  XL:     5   Next: 16%
Magic:  3/9        EV: 16    Int: 15 (17) God:
Gold:   167        SH:  0    Dex: 14 (16) Spells: 3/9 levels left

rFire    + . .     SeeInvis .   a - +1 dagger
rCold    . . .     Gourm    .   (shield restricted)
rNeg     . . .     Faith    .   f - +0 robe {rF+}
rPois    .         Spirit   .   (no helmet)
rElec    .         Reflect  .   (no cloak)
rCorr    .         Harm     .   s - +2 pair of gloves
MR       .....                  (no boots)
Stlth    +++.......             (no amulet)
HPRegen  0.09/turn              (no ring)
MPRegen  0.11/turn              (no ring)

@: hasted, very quick
A: small, carnivore, wild magic 2
a: no special abilities


You were on level 3 of the Dungeon.
You were very full.

You visited 1 branch of the dungeon, and saw 4 of its levels.

You collected 167 gold pieces.

Inventory:

Hand Weapons
 a - a +1 dagger (weapon)
Armour
 b - a +0 robe
 f - a +0 robe of fire resistance (worn)
 s - a +2 pair of gloves (worn)
Scrolls
 h - a scroll of remove curse {unknown}
 i - 3 scrolls of identify {unknown}
 k - 3 scrolls of teleportation {unknown}
 l - a scroll of enchant weapon {unknown}
 m - a scroll of amnesia {unknown}
 n - a scroll of fear {unknown}
 p - a scroll of immolation {unknown}
 q - 2 scrolls of enchant armour {unknown}
 t - a scroll of fog {unknown}
Potions
 e - a potion of flight
 g - a potion of curing
Books
 c - a book of Maledictions

   Spells                             Type                      Level
   a - Corona                         Hexes                        1
   b - Ensorcelled Hibernation        Hexes/Ice                    2
   c - Confuse                        Hexes                        3
   d - Tukima's Dance                 Hexes                        3
   e - Dazzling Spray                 Conjuration/Hexes            3
Comestibles
 d - 6 rations


   Skills:
 + Level 2.7 Short Blades
 + Level 3.3 Dodging
 + Level 4.7 Stealth
 + Level 2.8 Spellcasting
 + Level 3.4 Hexes
 + Level 1.3 Ice Magic


You had 3 spell levels left.
You knew the following spells:

 Your Spells              Type           Power        Failure   Level  Hunger
a - Corona                Hex            ###....      12%         1    #......
b - Ensorcelled Hibernat  Hex/Ice        ###...       22%         2    ##.....
c - Confuse               Hex            ###.....     28%         3    ###....


Dungeon Overview and Level Annotations

Branches:
Dungeon (4/15)
 Temple: D:4-7

Altars:
Makhleb
Uskayaw

Annotations:
D:3 Mirai's ghost, weakling KoEn; Sigmund


Innate Abilities, Weirdness & Mutations

You are small and have problems with some larger weapons.
You are carnivorous and can eat meat at any time.
Your spells are harder to cast, but more powerful.


Message History

You barely miss something. You barely miss something.
Something hits you but does no damage.
You hit something. You hit something. You miss something.
Something barely misses you.
You closely miss something. You hit something but do no damage.
You hear some strange, mumbled words.
A magic dart appears from out of thin air!
The magic dart hits you!
You miss something. You completely miss something. Something hits you!
* * * LOW HITPOINT WARNING * * *
Unknown command.
You miss something. You completely miss something.
You hear some strange, mumbled words.
A magic dart appears from out of thin air!
The magic dart hits you!
You die...

.## ##...........###.. ..
...##.......#......#. ...
.........##.........##...
..........#............. #
......(.......#.......###.#
..........##.....#..#...#.#
...............#..........# ..
...............{..........##..
...##...........@.............
...........#..................
..###......#.).##.............
#..##......................#
....#.......)..............#
#........##.........>....# #
#.#......##.##............###.
#....##...#.##.#.>............#
####.#..#....#.#....#..........


There were no monsters in sight!

Vanquished Creatures
  2 orc wizards (D:2)
  3 adders (D:2)
  An ooze (D:1)
  A worm (D:2)
  A dart slug (D:3)
  A leopard gecko (D:3)
  An orc (D:3)
  A ball python (D:3)
  2 hobgoblins (D:3)
  3 jackals
  A quokka (D:2)
  4 bats
  4 frilled lizards
  5 goblins
  6 kobolds
  8 rats
44 creatures vanquished.

Notes
Turn   | Place    | Note
-------+----------+-------------------------------------------
     0 | D:1      | Mirai the Kobold Enchanter began the quest for the Orb.
     0 | D:1      | Reached XP level 1. HP: 10/10 MP: 3/3
   440 | D:1      | Reached XP level 2. HP: 10/15 MP: 5/5
   444 | D:1      | Learned a level 2 spell: Ensorcelled Hibernation
  1215 | D:2      | Found a burning altar of Makhleb.
  1215 | D:2      | Noticed a green death
  1218 | D:2      | Noticed a hellwing
  1218 | D:2      | Noticed a smoke demon
  1302 | D:2      | Reached XP level 3. HP: 19/19 MP: 3/6
  1406 | D:2      | Found a hide-covered altar of Uskayaw.
  1746 | D:3      | Learned a level 3 spell: Confuse
  1820 | D:3      | Reached XP level 4. HP: 24/24 MP: 3/7
  1857 | D:3      | Reached skill level 1 in Ice Magic
  2208 | D:2      | Gained mutation: Your spells are a little harder to cast, but a little more powerful. [potion of mutation]
  2208 | D:2      | Gained mutation: Your spells are harder to cast, but more powerful. [potion of mutation]
  2210 | D:2      | HP: 1/24 [orc wizard/dagger (1)]
  2216 | D:2      | Reached XP level 5. HP: 4/28 MP: 1/9
  2544 | D:3      | Noticed Sigmund
  2547 | D:3      | Noticed Mirai's ghost (weakling KoEn)
  2812 | D:3      | Killed from afar by Sigmund

Skill      XL: |  1  2  3  4 |
---------------+-------------+-----
Short Blades   | 2 |  2.7
Dodging        | 3 |  3.3
Ice Magic      | 1 |  1.3
Stealth        | |  4.7
Spellcasting   | |  2.8
Hexes          | |  3.4

Action                   |  1- 3 |  4- 6 || total
-------------------------+-------+-------++-------
Melee: Dagger            |    72 |   113 ||   185
 Cast: Corona            |     4 |     1 ||     5
       Ensorcelled Hiber |    11 |    20 ||    31
  Use: Potion            |       |     7 ||     7
 Stab: Sleeping          |    12 |     7 ||    19
       Distracted        |     1 |       ||     1
  Eat: Chunk             |    12 |     3 ||    15
Armor: Robe              |    31 |    46 ||    77
Dodge: Dodged            |    93 |   158 ||   251
